 Dungeon Crawl Stone Soup version 0.31-a0-96-g196d5507e3 (webtiles) character file.

Game seed: 13284954556079240261

3670 DeathSun the Cleaver (level 9, -6/67 HPs)
             Began as a Demigod Warper on May 26, 2023.
             Mangled by a hornet (8 damage)
             ... on level 8 of the Dungeon.
             The game lasted 00:32:41 (11320 turns).

DeathSun the Cleaver (Demigod Warper)              Turns: 11320, Time: 00:32:41

Health: -6/67      AC: 14    Str: 21 (24) XL:     9   Next: 59%
Magic:  14/14      EV: 10    Int: 13 (15) God:
Gold:   239        SH:  3    Dex: 11 (13) Spells: 7/11 levels left

rFire   . . .        q - +6 war axe (flame)
rCold   + + .        k - +0 buckler
rNeg    . . .        s - +5 ring mail {rC+}
rPois   .            n - +0 helmet
rElec   +            i - +0 cloak
rCorr   .            A - +0 pair of gloves of the Old and Reckless {rElec Will+}
SInv    .            j - +0 pair of boots
Will    +....        N - amulet of the acrobat
Stlth   +            r - ring of protection from cold
HPRegen 0.31/turn    (no ring)
MPRegen 0.14/turn

%: acrobat
@: brilliant, lethally poisoned (-6 -> -6), about to teleport, slowed, very slow
A: high MP 1, forlorn, divine attributes
a: no special abilities


You were on level 8 of the Dungeon.
You visited 1 branch of the dungeon, and saw 8 of its levels.

You collected 1440 gold pieces.
You spent 1201 gold pieces at shops.

Inventory:

Hand Weapons
 q - a +6 war axe of flaming (weapon)
Missiles
 d - 4 boomerangs of dispersal
 B - a throwing net
 I - 3 poisoned darts
Armour
 b - a +0 leather armour
 i - a +0 cloak (worn)
 j - a +0 pair of boots (worn)
 k - a +0 buckler (worn)
 n - a +0 helmet (worn)
 s - a +5 ring mail of cold resistance (worn)
 w - a +1 robe of willpower
 x - +2 acid dragon scales
 y - a +0 pair of gloves
 A - the +0 pair of gloves of the Old and Reckless (worn) {rElec Will+}
   (You bought it in a shop on level 5 of the Dungeon)

   rElec:     It insulates you from electricity.
   Will:      It increases your willpower.
Jewellery
 a - the ring of the Quick God {*Slow rN++ Will+ Str-5 Stlth+}
   (You bought it in a shop on level 5 of the Dungeon)

   [ring of willpower]

   Str:       It affects your strength (-5).
   rN:        It greatly protects you from negative energy.
   *Slow:     It may slow you when you take damage.
   Will:      It increases your willpower.
   Stlth:     It makes you more stealthy.
 r - a ring of protection from cold (left hand)
 F - a ring of fire
 N - an amulet of the acrobat (around neck)
 R - a ring of wizardry
Wands
 p - a wand of flame (10) (quivered)
Scrolls
 e - 3 scrolls of fog
 f - 3 scrolls of teleportation
 g - 3 scrolls of amnesia
 h - 2 scrolls of immolation
 m - 4 scrolls of magic mapping
 D - a scroll of fear {unknown}
 E - 2 scrolls of torment {unknown}
 H - a scroll of vulnerability {unknown}
 K - a scroll of poison {unknown}
 L - a scroll of enchant weapon {unknown}
 M - a scroll of brand weapon {unknown}
 Q - a scroll of noise {unknown}
Potions
 o - 3 potions of haste
 t - 2 potions of heal wounds
 v - 2 potions of enlightenment
 z - a potion of mutation {unknown}
 G - a potion of attraction {unknown}
 O - 2 potions of berserk rage
 P - a potion of lignification {unknown}


   Skills:
 - Level 1.7 Fighting
 * Level 10.0 Axes
 - Level 0.8 Throwing
 - Level 0.8 Armour
 - Level 1.7 Dodging
 - Level 1.7 Spellcasting
 + Level 7.4 Translocations
 - Level 5.0 Evocations


You had 7 spell levels left.
You knew the following spells:

 Your Spells              Type           Power      Damage    Failure   Level
a - Manifold Assault      Tloc           30%        N/A       26%         4

Your spell library contained the following spells:

 Spells                   Type           Power      Damage    Failure   Level
 Blink                    Tloc           60%        N/A       4%          2
 Lesser Beckoning         Tloc           60%        N/A       4%          2
 Teleport Other           Tloc           30%        N/A       8%          3
 Vhi's Electric Charge    Tloc/Air       30%        N/A       36%         3
 Sting                    Tmut/Pois      0%         1d3       52%         1
 Sublimation of Blood     Necr           1%         N/A       63%         2
 Ensorcelled Hibernation  Hex/Ice        0%         N/A       67%         2
 Passwall                 Tmut/Erth      0%         N/A       67%         2
 Poisonous Vapours        Pois/Air       0%         N/A       67%         2
 Frozen Ramparts          Ice            2%         1d1       86%         3
 Swiftness                Air            1%         N/A       86%         3
 Inner Flame              Hex/Fire       0%         N/A       88%         3
 Flame Wave               Conj/Fire      0%         2d4       99%         4
 Ice Form                 Ice/Tmut       0%         N/A       99%         4
 Olgreb's Toxic Radiance  Pois           1%         N/A       99%         4
 Petrify                  Tmut/Erth      0%         N/A       99%         4
 Sticky Flame             Conj/Fire      0%         2d3       99%         4
 Summon Ice Beast         Ice/Summ       0%         N/A       99%         4
 Irradiate                Conj/Tmut      0%         3d11      100%        5


Dungeon Overview and Level Annotations

Branches:
Dungeon (8/15)             Temple (0/1) D:6
   Lair: D:8-11

Shops:
D:1 [   D:4 (   D:5 *[=*

Annotations:
D:3 1 runed translucent door, Crazy Yiuf


Innate Abilities, Weirdness & Mutations

You have an increased reservoir of magic. (+10% MP)
You shall have no god before yourself.
Your divine heritage dramatically boosts your attributes as you level up.


Message History

The hornet stings you.
* * * LOW HITPOINT WARNING * * *
You feel as though you will be slow longer.
You miss the hornet.
The hornet is moderately wounded.
You feel less invigorated.
You feel less confused.
You feel sick. The hornet stings you.
* * * LOW HITPOINT WARNING * * *
You feel as though you will be slow longer.
The hornet stings you.
* * * LOW HITPOINT WARNING * * *
You are lethally poisoned!
You feel as though you will be slow longer.
The hornet barely misses you.
You feel much better.
You feel very sick.
The hornet stings you but does no damage.
You block the hornet's attack.
You hit the hornet but do no damage.
The hornet is moderately wounded.
You feel sick. You block the hornet's attack. The hornet misses you.
You hit the hornet but do no damage.
The hornet is moderately wounded.
You feel sick. The hornet barely misses you.
The hornet stings you but does no damage.
The hornet closely misses you.
You closely miss the hornet.
The hornet is moderately wounded.
You feel sick. You block the hornet's attack. The hornet stings you!
* * * LOW HITPOINT WARNING * * *
You feel as though you will be slow longer.
Unknown command.
Okay, then.
As you read the scroll of teleportation, it crumbles to dust.
You feel strangely unstable.
You feel sick. The hornet stings you!
* * * LOW HITPOINT WARNING * * *
You feel as though you will be slow longer.
The hornet stings you!
You die...

..........
..........>#
..#.##..# #.........#
........#####
#.........#
............#
#.........#
............#
#.........#
............#
####.#.####
....####...## #.#.#
.......###.# ####.#.#
..####.....##
#@...#.# ..
#....[..####y####.#
.#
#....#...ยง...####.##
#
#....#..###..##....#
#..y.###.# #####....#
#.##.# #.#######....#
... #.#
#............# ###
#.# #########....#
#....#


You could see a hornet.

Vanquished Creatures
  Pikel (D:4)
  Maggie (D:7)
  Grinder (D:3)
  Sigmund (D:4)
  Eustachio (D:4)
  A steam dragon (D:7)
  Duvessa (D:4)
  An ice beast (D:8)
  6 sky beasts
  A black bear (D:4)
  An ogre (D:5)
  3 centaurs
  2 lemures (D:4)
  Blork the orc (D:4)
  A bullfrog (D:8)
  5 scorpions
  Dowan (D:4)
  3 orc priests
  A gnoll bouda (D:4)
  5 hounds
  A jelly (D:5)
  4 iguanas
  2 orc wizards (D:6)
  Robin (D:2)
  11 gnolls
  3 adders
  An ufetubus (D:4)
  2 worms
  2 dart slugs
  29 orcs
  8 ball pythons
  5 endoplasms
  6 giant cockroaches
  11 goblins
  7 hobgoblins
  8 jackals
  4 quokkas
  2 bats (D:3)
  3 frilled lizards (D:3)
  5 kobolds
  4 rats
157 creatures vanquished.

Notes
Turn   | Place    | Note
-------+----------+-------------------------------------------
     0 | D:1      | DeathSun the Demigod Warper began the quest for the Orb.
     0 | D:1      | Reached XP level 1. HP: 17/17 MP: 5/5
    10 | D:1      | Found Kukh's Armour Shop.
    54 | D:1      | Reached skill level 2 in Axes
   287 | D:1      | Reached XP level 2. HP: 20/24 MP: 7/7
   834 | D:2      | Reached XP level 3. HP: 27/29 MP: 8/8
   933 | D:2      | Reached skill level 3 in Axes
  1280 | D:3      | Noticed Grinder
  1300 | D:3      | Paralysed by Grinder for 5 turns
  1343 | D:3      | Noticed Robin
  1475 | D:4      | Noticed Eustachio
  1476 | D:4      | Noticed Duvessa
  1600 | D:2      | Killed Robin
  1734 | D:3      | Reached XP level 4. HP: 36/36 MP: 9/9
  1739 | D:3      | Learned a level 4 spell: Manifold Assault
  1902 | D:3      | Paralysed by Grinder for 5 turns
  1909 | D:3      | Killed Grinder
  1910 | D:3      | Reached skill level 4 in Axes
  1910 | D:3      | Reached skill level 1 in Evocations
  1910 | D:3      | Reached XP level 5. HP: 37/41 MP: 10/10
  2200 | D:3      | Found a runed translucent door.
  2201 | D:3      | Noticed Crazy Yiuf
  2749 | D:4      | Reached XP level 6. HP: 42/48 MP: 11/11
  2845 | D:4      | HP: 2/48 [poisoned by a scorpion]
  3071 | D:4      | Found Poilyxo's Weapon Emporium.
  3097 | D:4      | Noticed Dowan
  3166 | D:4      | Noticed Sigmund
  3922 | D:4      | Killed Eustachio
  3923 | D:4      | Reached skill level 5 in Axes
  4049 | D:4      | Killed Sigmund
  4050 | D:4      | Reached XP level 7. HP: 53/53 MP: 12/12
  4133 | D:4      | Killed Duvessa
  4256 | D:4      | Noticed Pikel
  4300 | D:4      | Killed Pikel
  4301 | D:4      | Reached skill level 6 in Axes
  4301 | D:4      | Reached skill level 5 in Translocations
  4301 | D:4      | Reached XP level 8. HP: 23/60 MP: 13/13
  4791 | D:4      | Noticed Blork the orc
  4797 | D:4      | Killed Blork the orc
  4798 | D:4      | Reached skill level 7 in Axes
  5507 | D:5      | Entered Level 5 of the Dungeon
  5507 | D:5      | Found Ygin Boa's Assorted Antiques.
  5634 | D:5      | Found Inun's Armour Emporium.
  5823 | D:5      | Found Aciagibb's Assorted Antiques.
  6309 | D:4      | Killed Dowan
  6635 | D:5      | Found Igyetwe's Jewellery Emporium.
  7304 | D:6      | Found a staircase to the Ecumenical Temple.
  7589 | D:6      | Reached skill level 8 in Axes
  7657 | D:5      | Bought a pair of heavily runed gloves for 285 gold pieces
  7657 | D:5      | Identified the +0 pair of gloves of the Old and Reckless
                  | {rElec Will+} (You bought it in a shop on level 5 of the
                  | Dungeon)
  8168 | D:6      | Reached skill level 5 in Evocations
  8787 | D:7      | Reached XP level 9. HP: 64/67 MP: 14/14
  9298 | D:7      | Noticed Maggie
  9600 | D:6      | Reached skill level 9 in Axes
 10688 | D:7      | Identified 2 scrolls of acquirement
 10688 | D:7      | Acquired a +6 war axe of flaming
 10706 | D:7      | Killed Maggie
 10936 | D:6      | Acquired 987 gold pieces
 11006 | D:5      | Bought a potion of haste for 300 gold pieces
 11006 | D:5      | Bought a scroll of identify for 60 gold pieces
 11006 | D:5      | Bought a wand of flame (11) for 231 gold pieces
 11006 | D:5      | Bought a murky green potion for 27 gold pieces
 11006 | D:5      | Bought a potion of curing for 90 gold pieces
 11063 | D:5      | Bought a clouded wooden ring for 130 gold pieces
 11063 | D:5      | Identified the ring of the Quick God {*Slow rN++ Will+
                  | Str-5 Stlth+} (You bought it in a shop on level 5 of the
                  | Dungeon)
 11063 | D:5      | Bought a scroll labelled XEGITA QYOSTRO for 26 gold pieces
 11063 | D:5      | Bought a scroll labelled JIFEDO VOSUTZ for 26 gold pieces
 11063 | D:5      | Bought a scroll labelled YMEQIAGR DURE for 26 gold pieces
 11288 | D:8      | Reached skill level 10 in Axes
 11296 | D:8      | Paralysed by a hornet for 1 turns
 11312 | D:8      | Paralysed by a hornet for 2 turns
 11320 | D:8      | HP: 2/67 [hornet (10)]
 11320 | D:8      | Mangled by a hornet

Illustrated notes

Levels and vault maps discovered:
D:1:      heliophobic_arrival_battle_scene, layout_loops_ring, serial_shops,
          shop
D:2:      layout_basic, shapermc_ecumenical_altar_petra
D:3:      layout_basic, nicolae_ashenzari_panopticon, grunt_decor_resistance,
          uniq_crazy_yiuf_cottage, uniq_grinder, uniq_robin
D:4:      layout_layer_cave, serial_shops, nicolae_stop_n_shop_2, uniq_pikel,
          uniq_sigmund, uniq_blork_the_orc, uniq_eustachio, uniq_duvessa
D:5:      layout_basic, nicolae_overflow_squiral, serial_shops, shop, shop,
          nicolae_stop_n_shop_2, kennysheep_mini
D:6:      layout_loops_corners, gammafunk_temple_overflow_claw,
          minmay_temple_entry_slanted
D:7:      layout_cave_pods, uniq_maggie
D:8:      layout_rooms, uniq_amaemon, uniq_grum

Skill      XL: |  1  2  3  4  5  6  7  8  9 |
---------------+----------------------------+-----
Axes           | 2 3 4 5 6 8 10 | 10.0
Translocations | 3 4 5 6 7 |  7.4
Evocations     | 1 2 3 5 |  5.0
Fighting       | |  1.7
Throwing       | |  0.8
Armour         | |  0.8
Dodging        | |  1.7
Spellcasting   | |  1.7

Action                     |  1- 3 |  4- 6 |  7- 9 || total
---------------------------+-------+-------+-------++-------
  Melee: Hand axe          |   147 |   140 |   557 ||   844
         Punch             |     4 |     1 |    12 ||    17
         War axe           |       |       |    41 ||    41
  Throw: Boomerang         |       |       |    10 ||    10
         Dart              |       |       |     3 ||     3
   Cast: Manifold Assault  |       |       |     3 ||     3
  Evoke: Wand              |       |    10 |    21 ||    31
    Use: Potion            |     1 |       |     7 ||     8
         Scroll            |       |     2 |    15 ||    17
 Armour: Leather armour    |    50 |    46 |       ||    96
         Ring mail         |       |    32 |   291 ||   323
         Skin              |       |       |     7 ||     7
  Dodge: Dodged            |   121 |    94 |   315 ||   530
  Block: Buckler           |       |       |    14 ||    14

Table legend: (Time is in decaauts)
 A = Elapsed time spent in this place.
 B = Non-inter-level travel time spent in this place.
 C = Inter-level travel time spent in this place.
 D = Time resting spent in this place.
 E = Time spent auto-exploring this place.
 F = Levels seen in this place.
 G = Mean time per level.
                   A        B        C        D        E       F      G
               +--------+--------+--------+--------+--------+-----+--------+
         Total |  11344 |   9948 |   1396 |      0 |   7321 |   8 | 1418.0 |
       Dungeon |  11344 |   9948 |   1396 |      0 |   7321 |   8 | 1418.0 |
               +--------+--------+--------+--------+--------+-----+--------+

Top non-repeatable levels by time:
     D:3: 2439 daAuts
     D:6: 2151 daAuts
     D:4: 2135 daAuts
     D:7: 1512 daAuts
     D:5: 1375 daAuts
     D:1: 832 daAuts
     D:2: 756 daAuts
     D:8: 141 daAuts
